 Dungeon Crawl Stone Soup version 0.28-a0-925-gd5e1996cdb (console) character file.

Game seed: 15257701089271095360

575066 atomjack the Slayer (level 25, -6/248 HPs)
             Began as a Palentonga Gladiator on Nov 24, 2021.
             Was an Elder of Qazlal.
             Mangled by a green draconian monk (11 damage)
             ... summoned by an orange crystal statue
             ... on level 5 of the Realm of Zot on Nov 26, 2021.
             The game lasted 05:52:59 (88799 turns).

atomjack the Slayer (Palentonga Gladiator)         Turns: 88799, Time: 05:53:00

Health: -6/248     AC: 51    Str: 17 (22) XL:     25   Next: 76%
Magic:  43/43      EV:  1    Int:  8 (12) God:    Qazlal [****..]
Gold:   2867       SH:  0    Dex:  6 (10) Spells: 24/24 levels left

rFire   + . .      SeeInvis +   a - +9 broad axe (vorpal)
rCold   + + .      Faith    .   O - +0 tower shield {rN+}
rNeg    + + .      Spirit   .   H - +12 crystal plate armour {rC+}
rPois   +          Reflect  .   k - +2 helmet
rElec   .          Harm     .   M - +2 ratskin cloak {*Rats rPois rN+ Str-1 Int-1 Dex+1}
rCorr   .          Rampage  .   l - +0 pair of gloves
Will    +++..                   J - +2 barding
Stlth   ..........              W - amulet of regeneration
HPRegen 2.11/turn               v - ring of Istru {rPois rC+ Will+ Int+3 Stlth-}
MPRegen 0.28/turn               I - ring "Toomarphemef" {rF+ Will+ MP+9}

@: corroded, held, hasted and slowed, invisible, repel missiles, curled up,
unable to read
A: large, rugged brown scales 3, see invisible, deformed body, roll 1, armoured
tail, reflexive curl, claws 1, hooves 1, clumsy 2, low mp 1, sense surroundings
1, regeneration 1, weak 2, inability to read while threatened
}: 3/15 runes: decaying, slimy, gossamer
a: Rolling Charge, Renounce Religion, Upheaval, Elemental Force


You were on level 5 of the Realm of Zot.
You worshipped Qazlal.
Qazlal was greatly pleased with you.
You visited 11 branches of the dungeon, and saw 53 of its levels.
You visited 1 bazaar.
You also visited: Ice Cave.

You collected 6959 gold pieces.
You spent 4092 gold pieces at shops.

Inventory:

Hand Weapons
 a - a +9 vorpal broad axe (weapon)
 b - the +5 broad axe "Edylubod" {holy, rElec}
   (You bought it in a shop on level 4 of the Vaults)

   It has been blessed by the Shining One to cause great damage to the undead
   and demons.
   rElec:     It insulates you from electricity.
 c - a +2 hand axe of flaming
Missiles
 d - 9 throwing nets
 h - 26 boomerangs
 u - 4 silver javelins
 R - 12 curare-tipped darts
Armour
 k - a +2 helmet (worn)
 l - a +0 pair of gloves (worn)
 o - a +0 hat
 H - a +12 crystal plate armour of cold resistance (worn)
 J - a +2 barding (worn)
 M - the +2 ratskin cloak (worn) {*Rats rPois rN+ Str-1 Int-1 Dex+1}
   (You bought it in a shop on level 4 of the Vaults)

   When the wearer is hurt, rats may emerge from it to assist them.
   Str:       It affects your strength (-1).
   Int:       It affects your intelligence (-1).
   Dex:       It affects your dexterity (+1).
   rPois:     It protects you from poison.
   rN:        It protects you from negative energy.
 O - a +0 tower shield of positive energy (worn)
Magical Staves
 i - a staff of fire
Jewellery
 f - the ring of the Spinneret {rCorr Dex+4}
   (You found it on level 5 of the Pits of Slime)

   [ring of resist corrosion]

   Dex:       It affects your dexterity (+4).
   rCorr:     It protects you from acid and corrosion.
 v - the ring of Istru (left hand) {rPois rC+ Will+ Int+3 Stlth-}
   (You took it off a rakshasa on level 13 of the Dungeon)

   [ring of willpower]

   Int:       It affects your intelligence (+3).
   rC:        It protects you from cold.
   rPois:     It protects you from poison.
   Will:      It increases your willpower.
   Stlth:     It makes you less stealthy.
 z - a ring of flight
 I - the ring "Toomarphemef" (right hand) {rF+ Will+ MP+9}
   (You found it on level 5 of the Realm of Zot)

   [ring of magical power]

   rF:        It protects you from fire.
   MP:        It affects your magic capacity (+9).
   Will:      It increases your willpower.
 W - an amulet of regeneration (around neck)
 X - a ring of positive energy
 Y - a ring of willpower
Wands
 m - a wand of paralysis (34)
 w - a wand of iceblast (59)
 C - a wand of acid (58)
 K - a wand of polymorph (42)
 N - a wand of mindburst (76)
 T - a wand of flame (83)
Scrolls
 e - 18 scrolls of teleportation
 g - 5 scrolls of magic mapping
 p - 3 scrolls of fog
 q - 7 scrolls of vulnerability
 r - 3 scrolls of silence
 y - 5 scrolls of fear
 B - 9 scrolls of blinking
 S - 4 scrolls of holy word
 Z - 3 scrolls of summoning
Potions
 j - 6 potions of lignification
 n - 24 potions of curing
 s - 3 potions of flight
 t - 12 potions of ambrosia
 x - 4 potions of mutation
 D - 4 potions of heal wounds
 E - 4 potions of resistance
 F - 3 potions of brilliance
 G - 4 potions of haste
 Q - 3 potions of might
 U - 7 potions of invisibility
 V - 6 potions of cancellation
Miscellaneous
 A - a tin of tremorstones (2/2)
 L - a phial of floods
 P - a phantom mirror


   Skills:
 + Level 26.5 Fighting
 - Level 18.0 Axes
 - Level 1.3 Throwing
 + Level 18.6 Armour
 - Level 2.4 Dodging
 - Level 1.2 Stealth
 - Level 15.0 Shields
 + Level 22.2 Invocations
 + Level 10.7 Evocations


You had 24 spell levels left.
You didn't know any spells.
Your spell library contained the following spells:

 Spells                   Type           Power      Damage    Failure   Level
 Animate Skeleton         Necr           0%         N/A       100%        1
 Apportation              Tloc           0%         N/A       100%        1
 Pain                     Necr           0%         1d4       100%        1
 Shock                    Conj/Air       0%         1d3       100%        1
 Slow                     Hex            0%         N/A       100%        1
 Summon Small Mammal      Summ           0%         N/A       100%        1
 Blink                    Tloc           0%         N/A       100%        2
 Corpse Rot               Necr/Air       0%         N/A       100%        2
 Passwall                 Tmut/Erth      0%         N/A       100%        2
 Poisonous Vapours        Pois/Air       0%         N/A       100%        2
 Scorch                   Fire           0%         2d5       100%        2
 Static Discharge         Conj/Air       0%         N/A       100%        2
 Sublimation of Blood     Necr           0%         N/A       100%        2
 Wereblood                Tmut           0%         N/A       100%        2
 Call Canine Familiar     Summ           0%         N/A       100%        3
 Confusing Touch          Hex            0%         N/A       100%        3
 Conjure Flame            Conj/Fire      0%         6-21      100%        3
 Dazzling Flash           Conj/Hex       0%         N/A       100%        3
 Ignite Poison            Fire/Tmut/Pois 0%         N/A       100%        3
 Mephitic Cloud           Conj/Pois/Air  0%         N/A       100%        3
 Ozocubu's Armour         Ice            0%         N/A       100%        3
 Portal Projectile        Hex/Tloc       0%         N/A       100%        3
 Stone Arrow              Conj/Erth      0%         3d7       100%        3
 Swiftness                Air            0%         N/A       100%        3
 Teleport Other           Tloc           0%         N/A       100%        3
 Vampiric Draining        Necr           0%         2d6       100%        3
 Airstrike                Air            0%         N/A       100%        4
 Animate Armour           Summ/Erth      0%         N/A       100%        4
 Animate Dead             Necr           0%         N/A       100%        4
 Cause Fear               Hex            0%         N/A       100%        4
 Dispel Undead            Necr           0%         3d6       100%        4
 Flame Wave               Conj/Fire      0%         3d3       100%        4
 Hailstorm                Conj/Ice       0%         3d3       100%        4
 Iskenderun's Mystic Bla  Conj/Tloc      0%         2d3       100%        4
 Leda's Liquefaction      Hex/Erth       0%         N/A       100%        4
 Olgreb's Toxic Radiance  Pois           0%         N/A       100%        4
 Petrify                  Tmut/Erth      0%         N/A       100%        4
 Sticky Flame             Conj/Fire      0%         2d3       100%        4
 Agony                    Necr           0%         N/A       100%        5
 Blade Hands              Tmut           0%         N/A       100%        5
 Borgnjor's Vile Clutch   Necr/Erth      0%         N/A       100%        5
 Excruciating Wounds      Necr           0%         N/A       100%        5
 Freezing Cloud           Conj/Ice/Air   0%         6-21      100%        5
 Irradiate                Conj/Tmut      0%         3d14      100%        5
 Manifold Assault         Tloc           0%         N/A       100%        5
 Metabolic Englaciation   Hex/Ice        0%         N/A       100%        5
 Silence                  Hex/Air        0%         N/A       100%        5
 Summon Forest            Summ/Tloc      0%         N/A       100%        5
 Yara's Violent Unravell  Hex/Tmut       0%         3d3       100%        5
 Death Channel            Necr           0%         N/A       100%        6
 Eringya's Noxious Bog    Tmut/Pois      0%         N/A       100%        6
 Iron Shot                Conj/Erth      0%         9d1       100%        6
 Simulacrum               Ice/Necr       0%         N/A       100%        6
 Statue Form              Tmut/Erth      0%         N/A       100%        6
 Dragon Form              Tmut           0%         N/A       100%        7
 Haunt                    Necr/Summ      0%         N/A       100%        7
 Malign Gateway           Summ/Tloc      0%         N/A       100%        7
 Ozocubu's Refrigeration  Ice            0%         4d5       100%        7
 Storm Form               Tmut/Air       0%         N/A       100%        7
 Summon Hydra             Summ           0%         N/A       100%        7
 Ignition                 Fire           0%         3d3       100%        8
 Infestation              Necr           0%         N/A       100%        8
 Lehudib's Crystal Spear  Conj/Erth      0%         10d2      100%        8
 Chain Lightning          Conj/Air       0%         N/A       100%        9
 Dragon's Call            Summ           0%         N/A       100%        9
 Fire Storm               Conj/Fire      0%         5d1       100%        9
 Polar Vortex             Ice            0%         N/A       100%        9
 Shatter                  Erth           0%         3d5*      100%        9


Dungeon Overview and Level Annotations

Branches:
Dungeon (15/15)            Temple (1/1) D:5            Lair (6/6) D:11
  Swamp (4/4) Lair:4       Spider (4/4) Lair:2        Slime (5/5) Lair:5
    Orc (2/2) D:12            Elf (3/3) Orc:2        Vaults (4/5) D:14
  Crypt (0/3) Vaults:3     Depths (4/4) D:15            Zot (5/5) Depths:4
  IceCv (visited)

Altars:
Ashenzari
Cheibriados
Dithmenos
Elyvilon
Fedhas
Gozag
Hepliaklqana
Kikubaaqudgha
Makhleb
Nemelex Xobeh
Okawaru
Qazlal
Ru
Sif Muna
Trog
Uskayaw
Vehumet
Wu Jian
Xom
Yredelemnul
Zin
The Shining One
Beogh
Lugonu

Shops:
Orc:2 [?(??   Elf:1 :!   Vaults:1 !   Vaults:3 ?   Vaults:4 [*(:

Portals:
Hell: Depths:1 Depths:2 Depths:3 Depths:4
Abyss: D:9 Depths:3
Pandemonium: Depths:1 Depths:2 Depths:3
Ziggurat: Depths:4

Annotations:
Elf:2 3 runed translucent doors
Zot:1 1 runed translucent door, Biehaig's ghost, legendary MiFi
Zot:3 exclusion: downstairs
Zot:5 exclusion: orange crystal statue


Innate Abilities, Weirdness & Mutations

You are completely covered in rugged brown scales. (AC +3, +7% HP)
You have supernaturally acute eyesight. (SInv)
Armour fits poorly on your strangely shaped body.
You can roll at nearby foes to attack.
You have a long armoured tail.
You curl defensively after being hit. (AC +7*)
You have sharp fingernails.
You have large cloven feet.
You are very clumsy. (Dex -4)
Your magical capacity is low. (-10% MP)
You passively map a small area around you.
Your natural rate of healing is unusually fast.
You are very weak. (Str -4)
You sometimes lose the ability to read scrolls when taking damage.


Message History

The red draconian hits you but does no damage.
The yellow draconian hits you but does no damage.
Unknown command.
Unknown command.
You feel much better.
The purple draconian looks more healthy.
The death cob hits you!
* * * LOW HITPOINT WARNING * * *
The death cob drains your vigour!
You feel yourself slow down.
The green draconian is engulfed in blazing flames.
The green draconian hits you but does no damage.
The red draconian hits you but does no damage.
The green draconian monk hits you but does no damage.
The green draconian monk kicks you but does no damage.
The green draconian monk tail-slaps you but does no damage. x2
The purple draconian rages.
The death cob hits you but does no damage.
The yellow draconian spits acid at you.
The glob of acid hits the death cob!!
The acid corrodes the death cob!
The acid splashes onto the red draconian!
The red draconian is splashed with acid.
The acid splashes onto you! The acid corrodes you!
You are splashed with acid!
* * * LOW HITPOINT WARNING * * *
The acid splashes onto the green draconian monk!
The green draconian monk is splashed with acid.
The acid corrodes the green draconian monk!
The acid splashes onto the purple draconian shifter!
The purple draconian shifter is splashed with acid.
The acid corrodes the purple draconian shifter!
Unknown command.
Unknown command.
You feel much better.
The death cob hits you but does no damage.
The green draconian is engulfed in blazing flames.
The green draconian hits you from afar with a +0 trident!!
* * * LOW HITPOINT WARNING * * *
The red draconian hits you with a +0 morningstar!!
* * * LOW HITPOINT WARNING * * *
The green draconian monk hits you!
You die...

##....##................##
#######)..###.........^........##
.^.......###....................#
........## #....................#
........# #.^^.................#
.......## #....................#
...^...# #...^.○..............#
.......## #...§d...^...........#
........# ##..§@zq............##
))......## ##..q.dd..........##
)........# ##...dd.........##
#[########▓ ################
)<#...###.## ###.# ..#.#.#....##
##.#.# ....#.#.....#####..#.#
....#........##......# #####
...##....#...^.......## #...#


You could see a green draconian monk (summoned, berserk, corroded), a yellow
draconian (summoned), a green draconian (summoned, berserk, corroded), a purple
draconian (summoned, berserk), a red draconian (summoned, berserk, poisoned,
corroded), a white draconian (summoned, poisoned, catching breath), a purple
draconian shifter (summoned, corroded) and a death cob (summoned, corroded).

Vanquished Creatures
  the Royal Jelly (Slime:5)
  Dissolution (Slime:2)
  3 ancient liches
  8 orbs of fire
  9 Killer Klowns
  Saint Roka (Depths:2)
  The ghost of EnegeticOcto the Skirmisher, a veteran TrFi of Okawaru (Zot:5)
  Margery (Depths:2)
  4 curse toes
  6 golden dragons
  2 bone dragons
  4 electric golems
  Rupert (D:14)
  Jorgrun (D:12)
  2 liches (Depths:3)
  9 tentacled monstrosities
  10 quicksilver dragons
  A titan (Depths:4)
  25 Orb Guardians
  2 deep elf blademasters (Elf:3)
  2 deep elf master archers (Elf:3)
  Frances (Spider:2)
  20 storm dragons
  15 death cobs
  An ancient champion (Depths:1)
  20 acid blobs
  3 tengu reavers
  A sphinx (Depths:1)
  12 azure jellies
  7 shadow dragons
  6 draconian monks
  6 rockslimes
  2 orc warlords
  2 balrugs
  5 fire giants
  5 frost giants
  8 ghost moths
  An iron dragon (Depths:3)
  4 draconian knights
  A frost giant (shapeshifter) (Depths:3)
  4 draconian scorchers
  5 deep elf sorcerers
  4 draconian shifters
  A caustic shrike zombie (D:15)
  19 vault wardens
  6 emperor scorpions
  3 deep elf elementalists (Elf:3)
  4 draconian annihilators
  A war gargoyle (Vaults:3)
  8 quicksilver oozes
  5 draconian stormcallers
  A reaper (Depths:1)
  3 vampire knights
  15 very ugly things
  20 ironbound preservers
  6 deep elf demonologists
  15 stone giants
  7 black draconians
  2 minotaurs (D:13)
  26 dire elephants
  5 bunyips
  14 green draconians
  Azrael (D:13)
  5 entropy weavers
  5 deep elf annihilators
  20 red draconians
  5 purple draconians
  7 yellow draconians
  The ghost of Qoaguegg the Protected, a journeyman HOMo of Gozag (Lair:2)
  4 white draconians
  3 spark wasps
  5 eleionomae
  3 shambling mangroves
  12 ettins
  11 great orbs of eyes
  5 fire dragons
  4 deep elf death magi
  2 deep elf high priests (Elf:3)
  Harold (D:12)
  A hell beast (Depths:1)
  8 yaktaur captains
  Fannar (Lair:1)
  10 ice dragons
  9 ironbound thunderhulks
  A peacekeeper (Vaults:3)
  5 boulder beetles
  The ghost of hemabe71 the Covert, a journeyman HuAr of Trog (D:10)
  A caustic shrike simulacrum (Depths:2)
  4 spriggan air magi
  The ghost of tabo the Thaumaturge, a journeyman DjCj of Ashenzari (D:9)
  4 ghost crabs
  A catoblepas (D:13)
  2 rakshasas
  8 vault guards
  19 hydras
  Erica (D:8)
  9 ironbound frosthearts
  An anaconda (shapeshifter) (Vaults:1)
  7 two-headed ogres
  20 centaur warriors
  A death knight (Vaults:3)
  24 dancing weapons
  14 alligators
  10 death yaks
  5 deep troll shamans
  A titan zombie (Depths:3)
  2 vampire magi
  7 tengu warriors
  A thrashing horror (D:9)
  6 deep troll earth magi
  3 orc high priests (Orc:2)
  16 hell knights
  5 spriggan berserkers
  3 sun demons
  Nergalle (Lair:4)
  Sonja (Orc:1)
  A large abomination (Elf:1)
  11 skeletal warriors
  10 deep elf knights
  6 iron trolls
  3 goliath frogs
  4 soul eaters
  A storm dragon skeleton (Zot:2)
  2 quicksilver dragon simulacra
  A sixfirhy (Depths:1)
  A glowing orange brain (shapeshifter) (Depths:2)
  A spectral death yak (Lair:2)
  2 death drakes
  3 spriggan druids
  3 glowing orange brains
  A spark wasp zombie (Depths:3)
  11 bog bodies
  2 golden dragon skeletons
  Pikel (D:6)
  10 orc knights
  18 swamp dragons
  8 deep elf archers
  73 deep trolls
  2 shadow dragon zombies
  5 wizards
  2 phantasmal warriors (Depths:1)
  14 ironbound convokers
  13 necromancers
  20 lindwurms
  12 deep elf zephyrmancers
  24 orb spiders
  A sphinx zombie (Depths:3)
  17 deep elf pyromancers
  4 manticores
  34 ugly things
  8 orc sorcerers
  24 wolf spiders
  9 will-o-the-wisps
  7 shining eyes
  2 sphinx skeletons
  An iron dragon zombie (D:15)
  5 cyclopes
  5 elephants (Lair:6)
  An iron dragon skeleton (Depths:3)
  25 moths of wrath
  7 black mambas
  17 vault sentinels
  A titan simulacrum (Depths:3)
  An ice statue (IceCv)
  A fire giant skeleton (Depths:3)
  4 molten gargoyles
  3 eyes of devastation
  4 orange demons
  6 cane toads
  3 torpor snails
  7 komodo dragons
  An unseen horror (D:5)
  A rime drake (Lair:5)
  3 efreet
  Psyche (D:8)
  2 kobold demonologists (D:9)
  An ice devil (Depths:1)
  A freezing wraith (Vaults:3)
  10 demonic crawlers
  46 yaktaurs
  4 tengu conjurers
  2 hellwings
  An anaconda simulacrum (IceCv)
  15 polar bears
  9 trolls
  A bloated husk (Swamp:2)
  10 meliai
  A queen bee (Lair:2)
  Prince Ribbit (D:8)
  14 jumping spiders
  17 hornets
  Grinder (D:5)
  18 blink frogs
  9 tyrant leeches
  A wind drake (D:13)
  A dream sheep (Lair:6)
  A slime creature (shapeshifter) (Elf:3)
  89 slime creatures
  2 raiju (Lair:6)
  2 small abominations (D:9)
  A ynoxinul (Depths:1)
  5 shadows
  13 spriggans
  52 yaks
  6 water elementals
  An air elemental (Elf:3)
  71 redbacks
  2 dire elephant simulacra (IceCv)
  A spectral black mamba (Lair:2)
  A vampire (D:7)
  5 wraiths
  3 wyverns
  A spectral komodo dragon (Lair:2)
  24 tarantellas
  3 basilisks
  12 golden eyes
  A chaos spawn (Depths:1)
  2 steam dragons
  4 death yak simulacra
  18 fire elementals
  A redback simulacrum (D:15)
  2 harpy simulacra (IceCv)
  12 vampire mosquitoes
  A swamp worm (shapeshifter) (Vaults:1)
  18 swamp worms
  8 wargs
  A tengu zombie (D:15)
  A two-headed ogre zombie (D:12)
  An acid dragon (D:10)
  A floating eye (Depths:1)
  6 water moccasins
  16 hell hounds
  8 swamp drakes
  13 black bears
  29 orc warriors
  A sky beast (D:6)
  3 ogres
  A boggart (Vaults:3)
  19 wolves
  17 centaurs
  2 phantoms
  3 elf zombies (Elf:1)
  6 kobold brigands
  15 bullfrogs
  A wyvern zombie (D:9)
  3 gnoll sergeants
  7 two-headed ogre simulacra (IceCv)
  3 cane toad simulacra (IceCv)
  2 earth elementals (Elf:3)
  2 scorpions
  A wyvern skeleton (D:6)
  27 killer bees
  2 troll zombies (D:12)
  A water moccasin skeleton (D:6)
  2 elephant simulacra (IceCv)
  3 wights (D:9)
  8 electric eels
  A torpor snail simulacrum (Lair:2)
  2 centaur zombies
  A komodo dragon simulacrum (Lair:2)
  3 hounds (D:6)
  2 bullfrog zombies
  12 orc priests
  A gnoll shaman (D:6)
  4 bullfrog skeletons
  5 iguanas
  28 orc wizards
  8 hell rats
  A polar bear simulacrum (IceCv)
  6 spriggan simulacra (IceCv)
  7 troll simulacra (IceCv)
  A wolf simulacrum (IceCv)
  A killer bee zombie (D:8)
  5 ogre zombies (D:12)
  A howler monkey zombie (D:8)
  5 adders
  20 gnolls
  9 river rats (Lair:6)
  3 naga simulacra (IceCv)
  A shadow imp (D:8)
  10 white imps
  7 ufetubi (IceCv)
  3 worms
  7 dart slugs
  80 orcs
  7 ball pythons
  7 bats
  6 endoplasms
  3 giant cockroaches
  9 goblins
  11 hobgoblins
  4 jackals (D:1)
  28 kobolds
  2 quokkas
  4 frilled lizards
  2 goblin skeletons (D:12)
  2 goblin zombies (D:12)
  3 hobgoblin zombies (D:12)
  An orc skeleton (D:12)
  17 orc zombies (D:12)
  A quokka skeleton (D:4)
  9 rats
2246 creatures vanquished.

Vanquished Creatures (collateral kills)
  the Lernaean hydra (Swamp:4)
  A death cob (Zot:3)
  A spriggan defender (Depths:2)
  A hydra (Swamp:4)
  2 iron trolls
  An orc knight (Vaults:2)
7 creatures vanquished.

Vanquished Creatures (others)
  A draconian knight (Zot:5)
  A deep elf knight (Elf:3)
  A wizard (Vaults:2)
  A wolf spider (Spider:1)
  2 bloated husks (Swamp:1)
  A hornet (Swamp:3)
  A tarantella (Spider:3)
  A spriggan (Swamp:3)
  2 water elementals (Elf:3)
  A redback (Spider:1)
  A swamp drake (Swamp:1)
  An orc warrior (Depths:2)
  2 orc priests (Orc:2)
  2 orcs
  4 bushes (D:14)
  22 foxfires
  21 fungi
  54 plants
  A withered plant (D:15)
120 creatures vanquished.

Grand Total: 2373 creatures vanquished

Notes
Turn   | Place    | Note
-------+----------+-------------------------------------------
     0 | D:1      | atomjack the Palentonga Gladiator began the quest for the
                  | Orb.
     0 | D:1      | Reached XP level 1. HP: 17/17 MP: 1/1
    89 | D:1      | Reached XP level 2. HP: 23/23 MP: 2/2
   804 | D:1      | Reached XP level 3. HP: 27/28 MP: 3/3
   954 | D:1      | Found a faded altar of an unknown god.
  1790 | D:2      | Reached XP level 4. HP: 9/36 MP: 4/4
  2351 | D:2      | Reached skill level 1 in Armour
  2994 | D:2      | Reached skill level 5 in Axes
  3169 | D:3      | Reached XP level 5. HP: 41/41 MP: 5/5
  3302 | D:3      | Found a glowing golden altar of the Shining One.
  3426 | D:3      | Found a broken altar of Ashenzari.
  4108 | D:4      | Noticed a phantom
  4119 | D:4      | Killed a phantom
  4120 | D:4      | Reached XP level 6. HP: 49/49 MP: 6/6
  4592 | D:4      | Reached skill level 3 in Fighting
  4592 | D:4      | Reached skill level 1 in Shields
  4746 | D:5      | Entered Level 5 of the Dungeon
  4827 | D:5      | Found a staircase to the Ecumenical Temple.
  4831 | D:5      | Noticed Grinder
  4838 | D:5      | Paralysed by Grinder for 5 turns
  4848 | D:5      | Killed Grinder
  4849 | D:5      | Gained mutation: You curl defensively after being hit. (AC
                  | +7*) [Palentonga growth]
  4849 | D:5      | Reached XP level 7. HP: 54/55 MP: 7/7
  4853 | Temple   | Entered the Ecumenical Temple
  5100 | D:5      | Found a shimmering altar of Xom.
  5378 | D:5      | Noticed an unseen horror
  5398 | D:5      | Killed an unseen horror
  5399 | D:5      | Reached XP level 8. HP: 16/64 MP: 8/8
  6100 | D:6      | Reached skill level 4 in Fighting
  7114 | D:6      | Reached XP level 9. HP: 68/70 MP: 9/9
  7147 | D:6      | Noticed a four-headed hydra
  7155 | D:6      | Killed a one-headed hydra
  7156 | D:6      | Reached skill level 10 in Axes
  7325 | D:6      | Found a shadowy altar of Dithmenos.
  7443 | D:7      | Noticed Pikel
  7452 | D:6      | Killed Pikel
  7453 | D:6      | Reached skill level 5 in Fighting
  7668 | D:6      | Reached skill level 5 in Armour
  8087 | D:7      | Found a bloodstained altar of Trog.
  8119 | D:7      | Found a stormy altar of Qazlal.
  8185 | D:7      | Became a worshipper of Qazlal Stormbringer
  8548 | D:7      | Reached XP level 10. HP: 53/80 MP: 10/10
  8744 | D:8      | Noticed Psyche
  8789 | D:8      | Killed Psyche
  9063 | D:8      | Reached * piety under Qazlal
  9349 | D:8      | Noticed Erica
  9871 | D:8      | Noticed Prince Ribbit
  9896 | D:8      | Killed Prince Ribbit
 10259 | D:8      | Killed Erica
 10260 | D:8      | Reached skill level 6 in Fighting
 11137 | D:9      | Found a transporter.
 11510 | D:9      | Noticed a two-headed ogre
 11791 | D:9      | Killed a two-headed ogre
 11922 | D:9      | Reached XP level 11. HP: 72/88 MP: 11/11
 11929 | D:9      | Reached ** piety under Qazlal
 12351 | D:9      | Noticed tabo's ghost (journeyman DjCj)
 12361 | D:9      | Found a one-way gate to the infinite horrors of the Abyss.
 12408 | D:9      | Identified a scroll of acquirement
 12409 | D:9      | Acquired a +0 vorpal broad axe
 12455 | D:9      | Noticed a thrashing horror
 12537 | D:9      | Found a transporter.
 12547 | D:10     | Entered Level 10 of the Dungeon
 12620 | D:10     | Found a runed translucent gate.
 12621 | D:10     | Found a runed translucent gate.
 12623 | D:10     | Found a runed translucent gate.
 12624 | D:10     | Noticed hemabe71's ghost (journeyman HuAr)
 13091 | D:10     | Noticed a two-headed ogre
 13106 | D:10     | Killed a two-headed ogre
 13681 | D:10     | Found the +2 cloak of the Thief {*Fog Slay-2 SInv Stlth+}
 13754 | D:11     | Noticed a two-headed ogre
 13765 | D:11     | Killed a two-headed ogre
 13804 | D:11     | Noticed a two-headed ogre
 13811 | D:11     | Killed a two-headed ogre
 13812 | D:11     | Reached skill level 1 in Invocations
 13968 | D:11     | Found a staircase to the Lair.
 14015 | D:11     | Reached skill level 7 in Fighting
 14103 | D:11     | Noticed a five-headed hydra
 14116 | D:11     | Killed a one-headed hydra
 14566 | D:11     | Reached *** piety under Qazlal
 14580 | D:11     | Reached skill level 15 in Axes
 15301 | Lair:1   | Entered Level 1 of the Lair of Beasts
 15514 | D:11     | Reached XP level 12. HP: 84/97 MP: 14/14
 16064 | Lair:1   | Reached skill level 1 in Stealth
 16427 | Lair:1   | Noticed Fannar
 16525 | Lair:1   | Killed Fannar
 17221 | Lair:2   | Found a runed translucent gate.
 17221 | Lair:2   | Found a runed translucent gate.
 17221 | Lair:2   | Found a runed translucent gate.
 17221 | Lair:2   | Noticed Qoaguegg's ghost (journeyman HOMo)
 17442 | Lair:2   | Found a hole to the Spider Nest.
 17752 | Lair:2   | Noticed a seven-headed hydra
 17761 | Lair:2   | Killed a four-headed hydra
 17762 | Lair:2   | Reached skill level 5 in Invocations
 18058 | Lair:3   | Reached **** piety under Qazlal
 18157 | Lair:3   | Noticed a boulder beetle
 18271 | Lair:3   | Killed a boulder beetle
 18855 | Lair:4   | Noticed a death yak
 19096 | Lair:3   | Killed a death yak
 19097 | Lair:3   | Reached skill level 8 in Fighting
 19299 | Lair:4   | Reached XP level 13. HP: 98/104 MP: 17/17
 19793 | Lair:4   | Noticed Nergalle
 19802 | Lair:4   | Killed Nergalle
 19810 | Lair:4   | Found a staircase to the Swamp.
 21182 | Lair:5   | Found a staircase to the Slime Pits.
 21454 | Lair:5   | Reached ***** piety under Qazlal
 21840 | Lair:6   | Entered Level 6 of the Lair of Beasts
 22608 | Lair:6   | Reached skill level 9 in Fighting
 23175 | Lair:6   | Reached XP level 14. HP: 67/115 MP: 9/19
 24242 | D:9      | Reached skill level 1 in Evocations
 24249 | D:9      | Reached skill level 10 in Fighting
 24266 | D:9      | Killed tabo's ghost
 24635 | D:10     | Killed hemabe71's ghost
 25141 | D:12     | Reached ****** piety under Qazlal
 25356 | D:12     | Found a frozen archway.
 25379 | D:12     | Reached skill level 5 in Shields
 25674 | IceCv    | Entered an ice cave
 25766 | IceCv    | Gained mutation: You are strong-willed. (Will+) [potion of
                  | mutation]
 25796 | IceCv    | Reached skill level 11 in Fighting
 26152 | IceCv    | Identified the +0 plate armour of Spring Thaw {rC++ Will-
                  | rCorr Dex+2}
 27712 | D:12     | Found a staircase to the Orcish Mines.
 28204 | D:13     | Noticed Nessos
 28205 | D:13     | Noticed Nessos
 28205 | D:13     | Nessos changed into Nessos the wind drake
 28959 | D:13     | Reached skill level 10 in Armour
 28982 | D:13     | Killed Nessos the wind drake
 29775 | D:13     | Reached skill level 12 in Fighting
 30173 | D:13     | Reached XP level 15. HP: 100/128 MP: 21/21
 31106 | D:13     | Identified the +10 quarterstaff "Gilaynta" {speed, rElec
                  | rC+ Int-2 Dex+3}
 31106 | D:13     | Identified the ring of Istru {rPois rC+ Will+ Int+3 Stlth-}
 31502 | Orc:1    | Entered Level 1 of the Orcish Mines
 31502 | Orc:1    | Noticed Harold
 31511 | D:12     | Killed Harold
 31557 | Orc:1    | Noticed Sonja
 31562 | Orc:1    | Killed Sonja
 31563 | Orc:1    | Noticed Jorgrun
 31652 | D:12     | Killed Jorgrun
 31943 | Orc:2    | Entered Level 2 of the Orcish Mines
 31943 | Orc:2    | Found Mudekhie's Antique Armour Shop.
 31954 | Orc:2    | Bought a glowing helmet for 165 gold pieces
 32838 | Orc:2    | Found a staircase to the Elven Halls.
 33821 | Orc:2    | Reached skill level 10 in Invocations
 34255 | Orc:2    | Found Zoufatom's Magic Scroll Boutique.
 34255 | Orc:2    | Found Juanesch's Antique Weapon Emporium.
 34257 | Orc:2    | Found Kueno's Magic Scroll Emporium.
 34257 | Orc:2    | Found Pukywoul's Magic Scroll Boutique.
 34266 | Orc:2    | Bought a scroll of identify for 30 gold pieces
 34266 | Orc:2    | Bought a scroll of identify for 30 gold pieces
 34579 | Orc:2    | Bought a scroll of acquirement for 832 gold pieces
 34583 | Orc:2    | Bought a scroll of enchant weapon for 120 gold pieces
 34583 | Orc:2    | Bought a scroll of blinking for 120 gold pieces
 34583 | Orc:2    | Bought a scroll of teleportation for 48 gold pieces
 34583 | Orc:2    | Bought a scroll of teleportation for 48 gold pieces
 34584 | Orc:2    | Bought a scroll of blinking for 112 gold pieces
 34584 | Orc:2    | Bought a scroll of enchant armour for 112 gold pieces
 34584 | Orc:2    | Bought a scroll of enchant weapon for 112 gold pieces
 34586 | Orc:2    | Bought a scroll of enchant armour for 127 gold pieces
 34586 | Orc:2    | Bought a scroll of enchant armour for 127 gold pieces
 34586 | Orc:2    | Bought a scroll of enchant weapon for 127 gold pieces
 34586 | Orc:2    | Bought a scroll of enchant armour for 127 gold pieces
 34824 | Spider:1 | Entered Level 1 of the Spider Nest
 36982 | Spider:2 | Noticed Frances
 37982 | Spider:2 | Paralysed by a hornet for 2 turns
 38336 | Spider:2 | Reached XP level 16. HP: 127/138 MP: 13/26
 38338 | Spider:2 | Killed Frances
 38721 | Spider:2 | Identified the +1 robe of Demons {-Cast rN++}
 39426 | Spider:2 | Reached skill level 15 in Invocations
 40071 | Spider:4 | Entered Level 4 of the Spider Nest
 43767 | Spider:4 | Got a gossamer rune of Zot
 44164 | D:14     | Noticed Azrael
 44189 | D:13     | Killed Azrael
 44723 | D:14     | Reached skill level 13 in Fighting
 44932 | D:14     | Found a gate to the Vaults.
 44986 | D:14     | Noticed Rupert
 45000 | D:14     | Killed Rupert
 45001 | D:14     | Reached skill level 5 in Evocations
 45001 | D:14     | Reached XP level 17. HP: 127/145 MP: 30/30
 45073 | D:14     | Found an ornate altar of the Wu Jian Council.
 45135 | D:14     | Identified the +6 broad axe "Vat Kalir" {drain, Int-2
                  | Dex+6}
 45740 | D:15     | Entered Level 15 of the Dungeon
 46322 | D:15     | Found an ancient bone altar of Kikubaaqudgha.
 46483 | D:15     | Found a staircase to the Depths.
 47169 | Elf:1    | Entered Level 1 of the Elven Halls
 47414 | Elf:1    | Reached skill level 14 in Fighting
 47946 | Elf:1    | Found Mymor's Book Boutique.
 47948 | Elf:1    | Found Koegus's Distillery.
 48301 | Elf:1    | Got Pizukaah's Grimoire of Evil
 48524 | Elf:1    | Found a shimmering blue altar of Sif Muna.
 48859 | Elf:2    | Found a runed translucent gate.
 48860 | Elf:2    | Found a runed translucent gate.
 48860 | Elf:2    | Found a runed translucent gate.
 49412 | Elf:3    | Entered Level 3 of the Elven Halls
 49414 | Elf:3    | Paralysed by an air elemental for 1 turns
 50772 | Elf:3    | Reached skill level 15 in Fighting
 51442 | Elf:3    | Noticed a deep elf master archer
 51450 | Elf:3    | Killed a deep elf master archer
 51507 | Elf:3    | Reached XP level 18. HP: 121/159 MP: 31/31
 51925 | Elf:3    | Identified the +10 scimitar "Cueklevvu" {freeze, rCorr}
 51979 | Elf:3    | Identified the +9 short sword of Fyon Dee {venom, rElec rF-
                  | SInv Stlth+}
 51993 | Elf:3    | Identified the +5 triple sword of a Hundred Souls {elec,
                  | *Noise rN++ Int+9}
 51993 | Elf:3    | Identified the +1 plate armour "Gophyf" {rN+}
 53389 | Elf:3    | Identified the +6 spear of Inconvenience {freeze, Will+}
 54687 | Elf:3    | Got the Collected Works on the Glacier
 54920 | Elf:3    | Well that was crap
 55170 | Swamp:1  | Entered Level 1 of the Swamp
 58140 | Lair:1   | Acquired a +2 vorpal executioner's axe
 58141 | Lair:1   | Acquired the -6 barding of Bellicose Music {+Blink Will+}
 58142 | Lair:1   | Gee thanks!
 58736 | Swamp:4  | Entered Level 4 of the Swamp
 58756 | Swamp:4  | Noticed a tentacled monstrosity
 58806 | Swamp:4  | Killed a tentacled monstrosity
 58807 | Swamp:4  | Reached skill level 16 in Fighting
 59453 | Swamp:4  | Reached XP level 19. HP: 147/167 MP: 32/32
 60420 | Swamp:4  | Noticed the 27-headed Lernaean hydra
 60422 | Swamp:4  | Killed the 27-headed Lernaean hydra
 60448 | Swamp:4  | Got a decaying rune of Zot
 60990 | Lair:2   | Killed Qoaguegg's ghost
 61003 | Lair:2   | Identified the +5 robe "Huoc" {rElec rN+ Regen+ Stlth-}
 61206 | Vaults:1 | Entered Level 1 of the Vaults
 61870 | Vaults:1 | Reached skill level 17 in Fighting
 63527 | Vaults:1 | Found Uphy's Distillery.
 63813 | Vaults:1 | Reached XP level 20. HP: 125/181 MP: 31/34
 63849 | Vaults:1 | Identified the +1 leather armour of Heresy {-Cast Will+++
                  | Str+3}
 64244 | Vaults:2 | Found a flickering gateway to a bazaar.
 64249 | Bazaar   | Entered a bazaar
 64249 | Bazaar   | Found Roijigol's Antique Weapon Shop.
 64257 | Bazaar   | Found Saalel Dits's Distillery.
 64268 | Bazaar   | Found Kylomp's Jewellery Shop.
 64294 | Bazaar   | Found Uroot's General Store.
 64339 | Bazaar   | Bought an amulet of regeneration for 300 gold pieces
 64356 | Bazaar   | Bought a potion of heal wounds for 50 gold pieces
 64356 | Bazaar   | Bought a potion of resistance for 100 gold pieces
 64356 | Bazaar   | Bought 2 potions of haste for 200 gold pieces
 64356 | Bazaar   | Bought a potion of cancellation for 80 gold pieces
 64356 | Bazaar   | Bought a potion of cancellation for 80 gold pieces
 64356 | Bazaar   | Bought a potion of cancellation for 80 gold pieces
 64489 | Vaults:2 | Reached skill level 18 in Fighting
 64524 | Vaults:2 | Reached skill level 10 in Evocations
 66117 | Vaults:3 | Identified the +2 robe "Wyahiob" {rC+ rN+ Int+4}
 66184 | Vaults:3 | Reached skill level 19 in Fighting
 66779 | Vaults:3 | Found Tops's Magic Scroll Shop.
 67840 | Vaults:3 | Found a staircase to the Crypt.
 68345 | Vaults:4 | Reached XP level 21. HP: 138/193 MP: 35/35
 68615 | Vaults:4 | Reached skill level 10 in Shields
 69011 | Vaults:4 | Found Achamam's Weapon Shoppe.
 69135 | Vaults:4 | Found Ihinli's Assorted Antiques.
 69179 | Vaults:4 | Bought a dazzling broad axe for 270 gold pieces
 69179 | Vaults:4 | Identified the +5 broad axe "Edylubod" {holy, rElec} (You
                  | bought it in a shop on level 4 of the Vaults)
 69273 | Vaults:4 | Found Paexkor's Antique Armour Shoppe.
 69281 | Vaults:4 | Bought the +2 ratskin cloak {*Rats rPois rN+ Str-1 Int-1
                  | Dex+1} for 695 gold pieces
 69281 | Vaults:4 | Found the +2 ratskin cloak {*Rats rPois rN+ Str-1 Int-1
                  | Dex+1}
 69666 | Vaults:4 | Found Rouxecel's Book Shop.
 69743 | Vaults:4 | Found Koxal's Antique Armour Shoppe.
 70214 | Depths:1 | Entered Level 1 of the Depths
 70513 | Depths:1 | Found a gateway to Hell.
 71360 | Depths:1 | Found a one-way gate leading to the halls of Pandemonium.
 71471 | Depths:1 | Found a sparkling altar of Nemelex Xobeh.
 71914 | Depths:1 | Reached XP level 22. HP: 175/201 MP: 36/36
 72253 | Depths:2 | Reached skill level 15 in Shields
 72344 | Depths:2 | Noticed Saint Roka
 72366 | Depths:2 | Killed Saint Roka
 72678 | Depths:2 | Found a shimmering blue altar of Sif Muna.
 72897 | Depths:2 | Upgraded the game from 0.28-a0-909-g796cbd3a86 to
                  | 0.28-a0-925-gd5e1996cdb
 72979 | Depths:3 | Noticed a golden dragon
 73030 | Depths:2 | Killed a golden dragon
 73108 | Depths:3 | Noticed a golden dragon
 73120 | Depths:2 | Reached skill level 20 in Fighting
 73130 | Depths:2 | Killed a golden dragon
 73174 | Depths:3 | Noticed Margery
 73253 | Depths:2 | Killed Margery
 73811 | Depths:3 | Noticed a golden dragon
 73836 | Depths:3 | Killed a golden dragon
 73964 | Depths:3 | Found an iron altar of Okawaru.
 74179 | Depths:3 | Identified the +1 war axe "Goblinslayer" {vorpal, rElec
                  | rC+++ rCorr Dex-5}
 74208 | Depths:3 | Reached skill level 21 in Fighting
 74388 | Depths:3 | Found a corrupted altar of Lugonu.
 74523 | Depths:4 | Entered Level 4 of the Depths
 74655 | Depths:4 | Found a gateway to a ziggurat.
 74685 | Depths:4 | Identified the amulet "Figocaqo" {RegenMP Rampage rElec rC+
                  | Str+4}
 74864 | Depths:4 | Found a gate to the Realm of Zot.
 75024 | Depths:4 | Reached XP level 23. HP: 215/215 MP: 37/37
 76595 | Slime:1  | Entered Level 1 of the Pits of Slime
 76611 | Slime:1  | Gained mutation: You occasionally shout uncontrollably at
                  | your foes. [a shining eye]
 76680 | Slime:1  | Reached skill level 15 in Armour
 76815 | Slime:2  | Noticed Dissolution
 76817 | Slime:2  | Gained mutation: You are dopey. (Int -2) [a shining eye]
 76832 | Slime:2  | Killed Dissolution
 76878 | Slime:2  | Reached skill level 22 in Fighting
 77060 | Slime:5  | Entered Level 5 of the Pits of Slime
 77086 | Slime:5  | Noticed the Royal Jelly
 77231 | Slime:5  | Gained mutation: You are very dopey. (Int -4) [a shining
                  | eye]
 77331 | Slime:5  | Killed the Royal Jelly
 77643 | Slime:5  | Gained mutation: You have hidden genetic defects. [a
                  | shining eye]
 77645 | Slime:5  | Gained mutation: You are weak. (Str -2) [a shining eye]
 77775 | Slime:5  | Identified the +1 battleaxe of Cowardice {vorpal, rC+}
 77783 | Slime:5  | Identified the +9 mace "Waohoo" {flame, rPois rF- rN+
                  | Will++}
 77792 | Slime:5  | Got Qahu's Incunabulum of the Voyage and the Blaze
 77806 | Slime:5  | Identified the +1 leather armour of Ampov {Regen+}
 77826 | Slime:5  | Identified the +1 helmet "Ovodomp" {Harm Will+ Str+6 Dex-3}
 77847 | Slime:5  | Got Butaddil's Early Guide to Magic
 77856 | Slime:5  | Identified the +1 chain mail of Xeheihyo {rN+}
 77863 | Slime:5  | Identified the ring of the Spinneret {rCorr Dex+4}
 77874 | Slime:5  | Identified the +8 spear "Stringbean" {vorpal, Str+2 SInv}
 77876 | Slime:5  | Got a slimy rune of Zot
 78174 | Lair:1   | Lost mutation: You are weak. (Str -2) [potion of mutation]
 78174 | Lair:1   | Lost mutation: You occasionally shout uncontrollably at
                  | your foes. [potion of mutation]
 78174 | Lair:1   | Lost mutation: You are very dopey. (Int -4) [potion of
                  | mutation]
 78174 | Lair:1   | Gained mutation: Your natural rate of healing is unusually
                  | fast. [potion of mutation]
 78174 | Lair:1   | Gained mutation: You have sharp fingernails. [potion of
                  | mutation]
 78358 | Zot:1    | Entered Level 1 of the Realm of Zot
 78496 | Depths:4 | Reached skill level 23 in Fighting
 79215 | Zot:1    | Gained mutation: You are occasionally teleported next to
                  | monsters. [hidden defects]
 79218 | Depths:4 | Lost mutation: You are dopey. (Int -2) [potion of mutation]
 79218 | Depths:4 | Lost mutation: You are strong-willed. (Will+) [potion of
                  | mutation]
 79218 | Depths:4 | Lost mutation: You have hidden genetic defects. [potion of
                  | mutation]
 79218 | Depths:4 | Gained mutation: You have a pair of small horns on your
                  | head. [potion of mutation]
 79218 | Depths:4 | Lost mutation: You are occasionally teleported next to
                  | monsters. [potion of mutation]
 79218 | Depths:4 | Gained mutation: You have large cloven feet. [potion of
                  | mutation]
 79919 | Zot:1    | Found a runed translucent door.
 79924 | Zot:1    | Identified the +3 ring mail of Jezud {Rampage rPois}
 79928 | Zot:1    | Noticed Biehaig's ghost (legendary MiFi)
 80518 | Zot:2    | Noticed a curse toe
 80518 | Zot:2    | Noticed a curse toe
 80736 | Zot:1    | Reached XP level 24. HP: 152/230 MP: 37/37
 81888 | Zot:2    | Reached skill level 24 in Fighting
 83824 | Zot:4    | Noticed an orb of fire
 83824 | Zot:4    | Noticed an orb of fire
 83825 | Zot:4    | Noticed an orb of fire
 83826 | Zot:4    | Noticed an orb of fire
 83827 | Zot:4    | Shit
 84183 | Zot:4    | Noticed a Killer Klown
 84293 | Zot:4    | Killed a Killer Klown
 84350 | Zot:3    | Gained mutation: You are weak. (Str -2) [an orb of fire]
 84354 | Zot:3    | Killed an orb of fire
 84391 | Zot:4    | Gained mutation: You tend to lose your temper in combat.
                  | [an orb of fire]
 84397 | Zot:3    | Gained mutation: You are clumsy. (Dex -2) [an orb of fire]
 84407 | Zot:3    | Killed an orb of fire
 84408 | Zot:3    | Reached skill level 25 in Fighting
 84452 | Zot:4    | Paralysed by a Zot trap for 4 turns
 84455 | Zot:4    | Gained mutation: You are occasionally teleported next to
                  | monsters. [an orb of fire]
 84466 | Zot:3    | Killed an orb of fire
 84569 | Zot:3    | Gained mutation: You are very weak. (Str -4) [an orb of
                  | fire]
 84574 | Zot:3    | Gained mutation: You are very clumsy. (Dex -4) [an orb of
                  | fire]
 84581 | Zot:3    | Gained mutation: Your body sometimes deteriorates upon
                  | taking damage. [an orb of fire]
 84584 | Zot:3    | Killed an orb of fire
 85529 | Zot:4    | Lost mutation: Your body sometimes deteriorates upon taking
                  | damage. [potion of mutation]
 85529 | Zot:4    | Lost mutation: You are very weak. (Str -4) [potion of
                  | mutation]
 85529 | Zot:4    | Lost mutation: You are occasionally teleported next to
                  | monsters. [potion of mutation]
 85529 | Zot:4    | Gained mutation: Your mind is acute. (Int +2) [potion of
                  | mutation]
 85529 | Zot:4    | Gained mutation: You passively map a small area around you.
                  | [potion of mutation]
 85530 | Zot:4    | Lost mutation: Your mind is acute. (Int +2) [potion of
                  | mutation]
 85530 | Zot:4    | Lost mutation: You have a pair of small horns on your head.
                  | [potion of mutation]
 85530 | Zot:4    | Lost mutation: You tend to lose your temper in combat.
                  | [potion of mutation]
 85530 | Zot:4    | Lost mutation: You are weak. (Str -2) [potion of mutation]
 85530 | Zot:4    | Gained mutation: You are dopey. (Int -2) [potion of
                  | mutation]
 85530 | Zot:4    | Lost mutation: You are dopey. (Int -2) [potion of mutation]
 85583 | Zot:5    | Entered Level 5 of the Realm of Zot
 85982 | Zot:5    | Noticed EnegeticOcto's ghost (veteran TrFi)
 86005 | Zot:5    | Found a transporter.
 86062 | Zot:5    | Reached XP level 25. HP: 204/243 MP: 37/37
 86221 | Zot:5    | Identified the +12 falchion of Income {freeze, rC+ rN++}
 86235 | Zot:5    | Found a transporter.
 86382 | Zot:5    | Killed EnegeticOcto's ghost
 86562 | Zot:5    | Identified the ring "Toomarphemef" {rF+ Will+ MP+9}
 86707 | Zot:5    | Noticed an ancient lich
 86707 | Zot:5    | Noticed an orb of fire
 86709 | Zot:5    | Noticed an orb of fire
 86710 | Zot:5    | Noticed a Killer Klown
 86711 | Zot:5    | Noticed a Killer Klown
 86712 | Zot:5    | Noticed an orb of fire
 86713 | Zot:5    | Noticed an orb of fire
 86730 | Zot:4    | Killed an orb of fire
 86732 | Zot:5    | Noticed a Killer Klown
 86747 | Zot:5    | Noticed a Killer Klown
 86747 | Zot:5    | Noticed a Killer Klown
 86748 | Zot:5    | Noticed an ancient lich
 86755 | Zot:4    | Gained mutation: Your magical capacity is low. (-10% MP)
                  | [an orb of fire]
 86767 | Zot:4    | Killed an orb of fire
 86770 | Zot:5    | Noticed a Killer Klown
 86848 | Zot:5    | Noticed an ancient lich
 86849 | Zot:5    | Noticed a Killer Klown
 86850 | Zot:5    | Noticed a Killer Klown
 86851 | Zot:5    | Killed a Killer Klown
 86851 | Zot:5    | Killed a Killer Klown
 86852 | Zot:5    | Killed a Killer Klown
 86853 | Zot:5    | Killed an ancient lich
 86854 | Zot:5    | Killed an ancient lich
 86860 | Zot:4    | Gained mutation: You are weak. (Str -2) [an orb of fire]
 86880 | Zot:4    | Killed an orb of fire
 86881 | Zot:4    | Reached skill level 26 in Fighting
 87008 | Zot:4    | Killed a Killer Klown
 87032 | Zot:4    | Killed a Killer Klown
 87060 | Zot:4    | Gained mutation: You are very weak. (Str -4) [an orb of
                  | fire]
 87065 | Zot:4    | Gained mutation: You sometimes lose the ability to read
                  | scrolls when taking damage. [an orb of fire]
 87066 | Zot:4    | Killed an orb of fire
 87155 | Zot:4    | Killed a Killer Klown
 87283 | Zot:4    | Killed a Killer Klown
 87339 | Zot:4    | Killed an ancient lich
 87538 | Zot:4    | Killed a Killer Klown
 88004 | Zot:5    | Identified the +6 hunting sling of Kujimet {venom, rElec
                  | rF- rC+ Int+6}
 88799 | Zot:5    | HP: 5/248 [red draconian[an orange crystal statue] (26)]
 88799 | Zot:5    | Mangled by a green draconian monk

Illustrated notes

..# #.# #.........##.......## ..#
#.# #..........#.......## ..# #.#
#..................'. ..# #.#
#.................###
..#####.#####...........#....## #
............'...........####'####
..#####.#####....○°.....###......
..# #.# #...○....?..'....#### ..#
#.# #...@.......###..##..
..#####.## #..§°☼......# #...'..
.......(.# #.☼...○.....# ##.##..
#'#####..# #...........# #.##..
.=.## #..# #...).......# #.##..
....###..# #..)........# #.##..
....'....####...........# ##.##..
...#####....'.<.........###).##..
..## ######...........'.....'..


Turn 54920 on Elf:3: Well that was crap #...## ##...# #.....P# #)..# #....#
###...###### ##..#####...# ##......##P.. ##...........####........##..
#...........)..##^.#.#....#.. ##....####.....##.#....#..##. ###..P#
#.○[##.............. #P....# ##..##.........#..## ##...## ##°.@##..#..⌠.⌠.#...#
#.#.# #.○..°#..#.......#..# #.Y## ##...○○..#..)>...#..+ #...##
#...##..#.......#... #....# ##....#..#..⌠.⌠..#... #...## #..)..##..#......).##
#...# ##...###............. ##.Y.# ##....#....#...#..##. #....##
#.#....#....#.##..#.. Turn 58142 on Lair:1: Gee thanks! #........ #.......$
#........ #.q..d... #........ #°....... #d*....*. #@q○§*q.. #Xy..?*.. #........
######### Turn 83827 on Zot:4: Shit

Levels and vault maps discovered:
D:1:      wander_arrival_estate, layout_basic, basic_ecumenical_altar
D:2:      layout_basic, minmay_fractal_squares_5
D:3:      layout_loops_ring, evilmike_ruin_ashenzari,
          mainiacjoe_overflow_alcove_4
D:4:      layout_rooms
D:5:      layout_gridville, xom_teletrap_fun,
          minmay_temple_entry_drinking_statues, uniq_grinder
D:6:      layout_layer_cave, overflow_temple_1_default
D:7:      corexii_shack_village, layout_rooms, lemuel_tele_altar, bloody_trog,
          uniq_pikel
D:8:      layout_loops_cross, worms_lemuel, uniq_psyche, uniq_prince_ribbit1,
          uniq_erica
D:9:      layout_rooms, gammafunk_ghost_abyssal_escape
D:10:     layout_basic, biasface_ghost_orc_armoury
D:11:     layout_loops_corners, lair_entry_dummy, st_stairs_4
D:12:     layout_loops_ring, zombieorc2_lemuel,
          portal_ice_cave_entry_animals_and_master, serial_rivers,
          chequers_serial_rivers_small_3, chequers_serial_rivers_small_a,
          chequers_serial_rivers_small_b, chequers_serial_rivers_micro_e,
          serial_bayou_pond_b
D:13:     fort_yaktaur, layout_long_grid, uniq_nessos
D:14:     layout_basic, erik_vaults_1, serial_park_gazebo
          [serial_park_minivault_5x5_3], pdpol_wu_jian_five_deadly_venoms,
          uniq_rupert, uniq_azrael
D:15:     gammafunk_depths_entry_grave, layout_rooms, kiku_gazebo_garden_becter,
          minivault_8
Temple:   compressed_dpeg_circular_temple
Lair:1:   layout_concentric_octagons, grunt_megastairs_2, uniq_fannar
Lair:2:   layout_regular_city, spider_nest_entry_funnel_web,
          gammafunk_ghost_necromancy, grunt_megastairs_5,
          infiniplex_staircase_pool_2
Lair:3:   layout_chaotic_city, st_stairs_10
Lair:4:   layout_hall_layers, minmay_swamp_entry_swarm, minmay_lindwurm_lava,
          grunt_megastairs_1, uniq_nergalle
Lair:5:   layout_misc_corridors, minmay_slime_entry_pillars,
          serial_bayou_lagoon_b
Lair:6:   hangedman_lair_caniforms_friends, layout_gridlike, kennysheep_rathole
Swamp:1:  layout_basic_swamp, evilmike_swamp_ruin_house_6, swamp_pool1,
          infiniplex_staircase_pool
Swamp:2:  layout_basic_swamp, evilmike_swamp_ruin_rubble_2
Swamp:3:  layout_basic_swamp, nicolae_swamp_triple_paths
Swamp:4:  swamp_basic_johnstein, layout_basic_swamp
Spider:1: layout_spider_delve, special_room [special_room_bee]
Spider:2: layout_spider_delve, uniq_frances
Spider:3: layout_spider_delve, hangedman_spider_tarantella_strand
Spider:4: grunt_spider_rune_circles
Slime:1:  layout_caves
Slime:2:  layout_caves, nicolae_slime_phagocytosis, uniq_dissolution
Slime:3:  layout_caves
Slime:4:  layout_caves
Slime:5
Orc:1:    layout_diamond_mine, uniq_jorgrun, uniq_harold, uniq_sonja
Orc:2:    grunt_orc_tribal_feast, layout_caves, serial_shops,
          nicolae_shop_hallway_stairs
Elf:1:    elf_arrival_001, layout_loops_cross, minmay_elf_necromancy,
          minmay_shoptagon, lemuel_upstairs_altar
Elf:2:    nicolae_elf_blades_crystal_corner, layout_gridlike
Elf:3:    elf_hall_gauntlet_narrow, layout_gridlike, minivault_28
Vaults:1: v_misc_2, ontoclasm_vaults_ring_large, vaults_room_pools,
          vaults_standard_mumra_lines, ontoclasm_vaults_shout,
          nicolae_vaults_network_quinsquares
          [nicolae_vaults_network_quincunx_subvault,
          nicolae_vaults_network_quincunx_subvault,
          nicolae_vaults_network_quincunx_subvault,
          nicolae_vaults_network_quincunx_subvault], nicolae_vaults_little_ls,
          v_misc_1, nicolae_vaults_specimen_jars, vaults_room_corners,
          v_misc_12, layout_vaults_maze, serial_shops, shop
Vaults:2: vaults_dpeg_hooks, grunt_vaults_trifunnel, ontoclasm_vaults_hangar,
          v_alt_pattern_3, nicolae_vaults_know_your_exits,
          hangedman_vaults_cutoff, ontoclasm_vaults_claustrophobia,
          nicolae_vaults_alarming, vaults_room_ringed_pool,
          nicolae_vaults_rhombus_5, ontoclasm_vaults_loading_screen,
          ontoclasm_vaults_idyll, nicolae_vaults_shelves_hall,
          dpeg_vaults_monster_box, nicolae_vaults_border_crossing,
          layout_vaults_omnicross, serial_shops, bzr_entry_road
Vaults:3: vaults_room_semicircle, minmay_crypt_entry_simple_walls,
          vaults_room_semicircle, nicolae_vaults_twisting_passages, st_lines,
          grunt_vaults_bifocal, layout_vaults_omnigrid, serial_shops,
          nicolae_shop_hallway_stairs
Vaults:4: vaults_room_boxed, hangedman_vaults_impose, v_misc_18, st_more_cells,
          v_alt_pattern_2, nicolae_vaults_mini_display_case,
          ontoclasm_vaults_eye, ontoclasm_vaults_misaligned,
          nicolae_vaults_shelves_hall, vaults_standard_mumra_x,
          layout_vaults_big_room, serial_shops, shop,
          nicolae_shop_temple_entry_statues_fountains, shop,
          nicolae_shop_bloodbath_and_beyond, nicolae_shop_waterfront
Depths:1: layout_gridlike, grunt_mini_vestibule, grunt_pan_entry_spiral,
          solitary_fountain, nemelex_diamond_rough_becter,
          infiniplex_staircase_pool_lava
Depths:2: minmay_bubble_buster, layout_cave_pools, hangedman_decor_push,
          hell_entry, pan_entry, lemuel_blue_sif_altar, uniq_saint_roka
Depths:3: minmay_the_grid_square_5x5_4x4
          [minmay_the_grid_square_5x5_pentomino_r,
          minmay_the_grid_square_5x5_doubleslash,
          minmay_the_grid_square_5x5_eight, minmay_the_grid_square_5x5_bite,
          minmay_the_grid_square_5x5_three,
          minmay_the_grid_square_5x5_prize_rear_guard,
          minmay_the_grid_square_5x5_prize_itemx,
          minmay_the_grid_square_5x5_spiral_small,
          minmay_the_grid_square_5x5_dogpile,
          minmay_the_grid_square_5x5_prize_monsterx,
          minmay_the_grid_square_5x5_prize_waves,
          minmay_the_grid_square_5x5_intrusive_squares,
          minmay_the_grid_square_5x5_fat_x,
          minmay_the_grid_square_5x5_checkered_sparse,
          minmay_the_grid_square_5x5_hourglass,
          minmay_the_grid_square_5x5_plus], layout_gridlike,
          abyss_entry_flame_altar, hell_entry, rand_demon_pan_entry_3,
          chequers_decorated_corner, okawaru_ov_weapons_minmay,
          serial_bayou_shore_a, serial_bayou_shore_b, uniq_margery
Depths:4: grunt_zot_entry_tricorne, layout_honeycomb, ziggurat_fallback,
          grunt_hell_entry_dis_grunt, chequers_serial_rivers_large_b
Zot:1:    layout_misc_corridors, gammafunk_ghost_grave
Zot:2:    hangedman_snap_crack_crunch, layout_onion_interference
Zot:3:    lemuel_firehouse, layout_cathedral_of_symmetry
Zot:4:    layout_gridlike, lemuel_lake_of_fire
Zot:5:    layout_twisted_circle, gammafunk_ghost_arena

Skill      XL: |  1  2  3  4  5  6  7  8  9 10 11 12 13 14 15 16 17 18 19 20 21 22 23 24 25 |
---------------+----------------------------------------------------------------------------+-----
Axes           | 4 5 6 7 9 11 13 15 16 18 | 18.0
Armour         | 1 2 3 4 5 6 7 8 9 10 11 12 13 14 16 17 18 | 18.6
Fighting       | 3 4 5 6 7 8 9 12 13 15 16 17 19 21 23 25 26 | 26.5
Shields        | 1 2 3 4 5 6 7 8 9 14 15 | 15.0
Invocations    | 3 5 7 8 14 18 19 20 21 22 | 22.2
Stealth        | 1 |  1.2
Evocations     | 3 4 5 6 8 9 10 | 10.7
Throwing       | |  1.3
Dodging        | |  2.4

Action                   |  1- 3 |  4- 6 |  7- 9 | 10-12 | 13-15 | 16-18 | 19-21 | 22-24 | 25-27 || total
-------------------------+-------+-------+-------+-------+-------+-------+-------+-------+-------++-------
Melee: War axe           |   112 |    33 |       |   187 |       |       |       |       |       ||   332
       Tailslap          |    15 |    15 |    35 |   134 |   274 |   302 |   387 |   387 |    65 ||  1614
       Hand axe          |       |   110 |   247 |    69 |     5 |    50 |    41 |       |       ||   522
       Broad axe         |       |       |       |   405 |  1602 |  1705 |  1767 |  1935 |   541 ||  7955
       Kick              |       |       |       |       |       |       |       |   301 |   132 ||   433
       Headbutt          |       |       |       |       |       |       |       |   150 |       ||   150
Throw: Throwing net      |       |     1 |       |     2 |       |       |       |       |       ||     3
       Boomerang         |       |       |       |       |       |     5 |       |       |       ||     5
Invok: Upheaval          |       |       |       |       |    19 |     5 |    16 |    37 |    12 ||    89
       Elemental Force   |       |       |       |       |     1 |       |     1 |       |       ||     2
       Disaster Area     |       |       |       |       |     1 |       |       |       |     1 ||     2
 Abil: Rolling Charge    |       |     2 |    13 |    60 |    67 |   149 |    91 |    61 |    16 ||   459
Evoke: Wand              |       |       |     3 |     7 |     6 |     3 |       |       |       ||    19
       Phantom mirror    |       |       |       |       |       |       |     1 |       |       ||     1
  Use: Scroll            |     1 |     1 |     4 |    11 |    21 |    17 |     3 |     7 |     3 ||    68
       Potion            |       |       |     1 |     1 |     6 |     6 |     1 |     7 |    12 ||    34
 Stab: Invisible         |       |       |       |       |     3 |       |       |       |       ||     3
       Held in net/web   |       |       |       |       |       |     2 |       |       |       ||     2
       Distracted        |       |       |       |       |       |     1 |     1 |     4 |     1 ||     7
Armor: Leather armour    |    37 |       |       |       |       |       |       |       |       ||    37
       Chain mail        |    49 |    44 |   136 |   257 |   338 |       |       |       |       ||   824
       Ring mail         |       |    39 |       |       |       |       |       |       |       ||    39
       Crystal plate arm |       |       |       |       |   399 |  1160 |   920 |  1241 |   400 ||  4120
Dodge: Dodged            |    48 |    32 |    69 |   147 |   283 |   177 |    96 |    96 |    25 ||   973
       Repelled          |       |       |       |       |     5 |     6 |     2 |     5 |     3 ||    21
Block: Buckler           |       |    22 |    45 |   189 |   979 |  1136 |   591 |       |       ||  2962
       Kite shield       |       |       |       |     9 |       |       |       |       |       ||     9
       Tower shield      |       |       |       |       |       |       |   796 |  2059 |   410 ||  3265

Table legend: (Time is in decaauts)
 A = Elapsed time spent in this place.
 B = Non-inter-level travel time spent in this place.
 C = Inter-level travel time spent in this place.
 D = Time resting spent in this place.
 E = Time spent auto-exploring this place.
 F = Levels seen in this place.
 G = Mean time per level.
                   A        B        C        D        E       F      G
               +--------+--------+--------+--------+--------+-----+--------+
         Total |  86984 |  79934 |   7050 |  27843 |  32154 |  55 | 1581.5 |
       Dungeon |  25464 |  22768 |   2696 |   7113 |  11471 |  15 | 1697.6 |
        Temple |     84 |     70 |     14 |      0 |     54 |   1 |   84.0 |
          Lair |  11090 |   9883 |   1207 |   3382 |   4468 |   6 | 1848.3 |
         Swamp |   4944 |   4617 |    327 |   1785 |   1683 |   4 | 1236.0 |
   Spider Nest |   7853 |   7571 |    282 |   4201 |   1888 |   4 | 1963.2 |
    Slime Pits |   1388 |   1280 |    108 |    452 |     62 |   5 |  277.6 |
  Orcish Mines |   3059 |   2770 |    289 |    893 |    849 |   2 | 1529.5 |
   Elven Halls |   7688 |   7383 |    305 |   3512 |   2343 |   3 | 2562.7 |
        Vaults |   8386 |   7571 |    815 |   1931 |   3344 |   4 | 2096.5 |
        Depths |   6674 |   6007 |    667 |   1462 |   2706 |   4 | 1668.5 |
           Zot |   8607 |   8269 |    338 |   2419 |   3002 |   5 | 1721.4 |
        Bazaar |    135 |    135 |      0 |      0 |     53 |   1 |  135.0 |
      Ice Cave |   1606 |   1606 |      0 |    690 |    229 |   1 | 1606.0 |
               +--------+--------+--------+--------+--------+-----+--------+

Top non-repeatable levels by time:
   Elf:3: 5098 daAuts
  Lair:2: 2837 daAuts
Vaults:1: 2825 daAuts
    D:11: 2778 daAuts
    D:12: 2662 daAuts
    D:13: 2623 daAuts
  Lair:4: 2416 daAuts
Spider:1: 2314 daAuts
Vaults:3: 2280 daAuts
Depths:4: 2275 daAuts
   Zot:4: 2193 daAuts
    D:14: 2152 daAuts
  Lair:6: 2150 daAuts
   Orc:2: 2132 daAuts
Spider:3: 2127 daAuts
